AoeStats
← kV0t3

Arabia

507655742Analyzed
1v1 RM · 13d ago on Sep 19, 2026· 34m 52s· 2 players
Game mode
Random Map
Map size
Tiny (2 player)
Population
200
Speed
Normal
Resources
Standard
Victory
Conquest
Starting age
Dark Age
Ending age
Imperial Age
RankedLock teamsTeams togetherTeam positionsShared explorationLock speedFull tech treeHidden civsTurbo modeCheats
Victory
Defeat
🇨🇱 Mongols · Chile
1215
+39
🇦🇷 Maya · Argentina
1233
-17
PERPETUAL BURN
5:57 Loom
8:35 Feudal Age
10:17 Double-Bit Axe
16:53 Horse Collar
20:28 Castle Age
19:10 Scale Barding Armor
20:05 Bloodlines
20:07 Forging
21:19 Bow Saw
21:12 Husbandry
21:49 Gold Mining
23:33 Chain Barding Armor
25:04 Town Watch
26:18 Iron Casting
26:12 Stone Mining
29:17 Wheelbarrow
kV0t3
0:25 Loom
10:40 Feudal Age
11:11 Double-Bit Axe
13:15 Horse Collar
21:07 Castle Age
19:27 Gold Mining
19:44 Fletching
19:54 Padded Archer Armor
21:28 Wheelbarrow
21:57 Bow Saw
21:49 Heavy Plow
22:50 Bodkin Arrow
22:22 Crossbowman
26:23 Leather Archer Armor
28:32 Ballistics
Connection lost

Rejoining the realm…

Still unreachable

The connection could not be restored.

Session expired

The server has moved on; the page needs a fresh start.